 Dungeon Crawl Stone Soup version 0.17-a0-484-g0e03f6a (console) character file.

618 Garrluk the Basher (level 7, 0/67 HPs)
             Began as an Ogre Hunter on Apr 9, 2015.
             Blown up by Duvessa (6 damage)
             ... with a wand of disintegration
             ... on level 5 of the Dungeon.
             The game lasted 00:13:49 (4251 turns).

Garrluk the Basher (Ogre Hunter)                    Turns: 4251, Time: 00:13:50

Health: 0/67       AC:  4    Str: 18    XL:     7   Next: 45%
Magic:  7/7        EV: 10    Int: 17    God:
Gold:   301        SH:  0    Dex: 10    Spells: 0 memorised, 6 levels left

rFire  . . .     SeeInvis .     b - -1 giant club (curse)
rCold  . . .     Clarity  .     B - +0 robe
rNeg   . . .     SustAb   .     (no shield)
rPois  .         Gourm    .     (helmet restricted)
rElec  .         Spirit   .     l - +0 cloak
rCorr  .         Warding  .     (gloves unavailable)
rMut   .         Stasis   .     (boots unavailable)
MR     .....                    (no amulet)
Stlth  +.........               x - ring of stealth
                                u - ring of wizardry

@: brilliant, glowing, not resistant to hostile enchantments, very unstealthy
A: unfitting armour, tough skin 1
a: no special abilities


You were on level 5 of the Dungeon.
You were not hungry.

You visited 1 branch of the dungeon, and saw 5 of its levels.

You collected 301 gold pieces.

Notes
Turn   | Place    | Note
--------------------------------------------------------------
     0 | D:1      | Garrluk, the Ogre Hunter, began the quest for the Orb.
     0 | D:1      | Reached XP level 1. HP: 22/22 MP: 1/1
    69 | D:1      | Reached skill level 1 in Maces & Flails
   144 | D:1      | Reached XP level 2. HP: 23/29 MP: 2/2
   775 | D:2      | Reached XP level 3. HP: 33/36 MP: 3/3
   873 | D:2      | Found an ancient bone altar of Kikubaaqudgha.
  1324 | D:3      | Reached skill level 5 in Throwing
  1371 | D:3      | Noticed Garrluk's ghost (average KoAs)
  1384 | D:3      | Killed Garrluk's ghost
  1384 | D:3      | Reached skill level 5 in Maces & Flails
  1384 | D:3      | Reached XP level 4. HP: 37/44 MP: 4/4
  1384 | D:3      | Reached XP level 5. HP: 42/50 MP: 5/5
  2233 | D:4      | Reached XP level 6. HP: 21/59 MP: 6/6
  2421 | D:4      | Reached skill level 6 in Maces & Flails
  2430 | D:5      | Entered Level 5 of the Dungeon
  3104 | D:4      | Reached skill level 7 in Maces & Flails
  3351 | D:4      | Reached XP level 7. HP: 46/66 MP: 7/7
  3895 | D:5      | Found a white marble altar of Elyvilon.
  3948 | D:5      | Reached skill level 8 in Maces & Flails
  3949 | D:5      | Found a bloodstained altar of Trog.
  3983 | D:5      | Noticed Dowan
  3985 | D:5      | Noticed Duvessa
  4251 | D:5      | Blown up by Duvessa

Inventory:

Hand weapons
 b - a cursed -1 giant club (weapon)
   (You took it off an ogre on level 5 of the Dungeon)
 e - a +0 mace
   (You found it on level 1 of the Dungeon)
 E - a +0 whip
   (You found it on level 5 of the Dungeon)
Missiles
 c - 2 throwing nets
 m - 43 stones (quivered)
Armour
 l - a +0 cloak (worn)
   (You found it on level 1 of the Dungeon)
 B - a +0 robe (worn)
   (You found it on level 5 of the Dungeon)
Jewellery
 u - a ring of wizardry (left hand)
   (You found it on level 2 of the Dungeon)
 x - a ring of stealth (right hand)
   (You found it on level 2 of the Dungeon)
 z - an uncursed ring of teleportation
   (You found it on level 3 of the Dungeon)
Scrolls
 a - a scroll of remove curse
 g - a scroll of enchant weapon {unknown}
 j - 9 scrolls of identify {unknown}
 v - 4 scrolls of noise {unknown}
 y - 2 scrolls of random uselessness {unknown}
 A - 3 scrolls of fog
 C - a scroll of magic mapping {unknown}
Potions
 d - a potion of resistance {unknown}
 h - a potion of ambrosia {unknown}
 i - a potion of might {unknown}
 k - a potion of degeneration
 n - a potion of brilliance
 o - a potion of restore abilities
 t - 2 potions of curing
 w - a potion of heal wounds {unknown}
 D - a potion of haste {unknown}
Comestibles
 f - 3 bread rations
 p - a royal jelly
 q - 3 meat rations
 s - 3 beef jerkies
 F - 2 chunks of flesh

Table legend:
 A = Turns spent in this place as a percentage of turns spent in the entire game.
 B = Non-inter-level travel turns spent in this place as a percentage of non-inter-level travel turns spent in the entire game.
 C = Inter-level travel turns spent in this place as a percentage of turns spent in this place.
 D = Turns resting spent in this place as a percentage of non-inter-level travel turns spent in this place.
 E = Turns spent auto-exploring this place as a percentage of non-inter-level travel turns spent in this place.
 F = Non-inter-level travel turns spent in this place divided by the number of levels of this place that you've seen.
                   A       B       C       D       E      F
               +-------+-------+-------+-------+-------+----------------------
         Total | 100.0 | 100.0 |   0.8 |   2.8 |   7.0 | 281.8
       Dungeon | 100.0 | 100.0 |   0.8 |   2.8 |   7.0 | 281.8
               +-------+-------+-------+-------+-------+----------------------


   Skills:
 + Level 3.3 Fighting
 * Level 8.1 Maces & Flails
 + Level 6.5 Throwing
 - Level 1.7 Dodging
 - Level 0.7 Stealth


You had 6 spell levels left.
You didn't know any spells.

Dungeon Overview and Level Annotations

Branches:
Dungeon (5/15)
 Temple: D:4-7

Altars:
Elyvilon
Kikubaaqudgha
Trog

Annotations:
D:5 Dowan, Duvessa


Innate Abilities, Weirdness & Mutations

You are too large for most types of armour.
You have tough skin (AC +1).


Message History

Dowan hits you with a dagger of speed.
* * * LOW HITPOINT WARNING * * *
Duvessa completely misses you. Dowan hits you but does no damage.
Duvessa closely misses you.
Dowan zaps a wand.
The puff of flame hits you!
* * * LOW HITPOINT WARNING * * *
Drink which item? (? for menu, Esc to quit)
It was a potion of degeneration.
There was something very wrong with that liquid.
You feel dopey.
Read which item? (? for menu, Esc to quit)
As you read the scroll of fog, it crumbles to dust.
The scroll dissolves into smoke.
There is an open door here.
Drink which item? (? for menu, Esc to quit)
It was a potion of restore abilities.
You feel your intelligence returning.
Drink which item? (? for menu, Esc to quit)
It was a potion of brilliance.
You feel clever all of a sudden.
Duvessa zaps a wand.
You are blasted!
You die...

....'.....................+......
....##############........##.####
###.# #...÷....##.#### #.######
#........##.#... #>.....#
#........##<'... #.####.##
#..########.#... #'# #.§#
###..##### #.#... ......###.#
#§§§.....# #..... ..[...#
#.######§§......# ###... ......#
#.e§§§ee§§......# #... ......#
#..#####@§......# #### ......#
#... ##§.......#
......###.#.###.........# ###
......'.#.#..##.........#######.#
....#.#.##.##.###..#..........#
#...#.##.##.# #..#.####...#.#
#..<#.##..#.###..#.# #...#.#
#............##..#.####...#.#
##....#####...####'#..+...'..
########≈≈...≈≈#.....#...#.#
#.....##≈.÷♣..≈#.....#...#.#


You could see Duvessa and Dowan.

Table legend:
 A = Kills in this place as a percentage of kills in entire the game.
 B = Kills by you in this place as a percentage of kills by you in the entire game.
 C = Kills by friends in this place as a percentage of kills by friends in the entire game.
 D = Other kills in this place as a percentage of other kills in the entire game.
 E = Experience gained in this place as a percentage of experience gained in the entire game.
 F = Experience gained in this place divided by the number of levels of this place that you have seen.
                   A       B       C       D       E      F
               +-------+-------+-------+-------+-------+----------------------
         Total | 100.0 | 100.0 |  -nan |  -nan | 100.0 | 176.6
       Dungeon | 100.0 | 100.0 |  -nan |  -nan | 100.0 | 176.6
               +-------+-------+-------+-------+-------+----------------------

Vanquished Creatures
  Monster Symbol All ' '
  The ghost of Garrluk the Sneak, an average KoAs (D:3)
1 creature vanquished. All '5' A crimson imp (D:5) A shadow imp (D:5)
2 creatures vanquished. All 'F' A giant frog (D:4)
1 creature vanquished. All 'J' An ooze (D:1)
1 creature vanquished. All 'K' 9 kobolds
9 creatures vanquished. All 'O' An ogre (D:5)
1 creature vanquished. All 'P' A plant (D:4)
1 creature vanquished. All 'S' An adder (D:5) 3 ball pythons
4 creatures vanquished. All 'Z' A centaur skeleton (D:4) A giant frog skeleton (D:4) A bat zombie (D:5) A giant gecko zombie (D:5) A jackal skeleton (D:5)
5 creatures vanquished. All 'a' 2 worker ants
2 creatures vanquished. All 'b' 9 bats
9 creatures vanquished. All 'g' 16 hobgoblins 8 goblins
24 creatures vanquished. All 'h' A hound (D:4) 2 jackals (D:2)
3 creatures vanquished. All 'l' 3 giant geckos 4 giant newts
7 creatures vanquished. All 'o' An orc priest (D:3) An orc wizard (D:4) 21 orcs
23 creatures vanquished. All 'r' 4 quokkas 4 rats
8 creatures vanquished. All 's' 5 giant cockroaches
5 creatures vanquished. All 'w' A worm (D:2)
1 creature vanquished.
107 creatures vanquished. Monster Nature Natural Monsters The ghost of Garrluk the Sneak, an average KoAs (D:3) An ogre (D:5) A giant frog (D:4) An orc priest (D:3) A hound (D:4) An orc wizard (D:4) 2 worker ants An adder (D:5) A worm (D:2) 3 giant geckos An ooze (D:1) 21 orcs 5 giant cockroaches 16 hobgoblins 2 jackals (D:2) 4 quokkas 3 ball pythons 9 bats 4 giant newts 8 goblins 9 kobolds 4 rats
99 creatures vanquished. Undead Monsters A centaur skeleton (D:4) A giant frog skeleton (D:4) A bat zombie (D:5) A giant gecko zombie (D:5) A jackal skeleton (D:5)
5 creatures vanquished. Demonic Monsters A crimson imp (D:5) A shadow imp (D:5)
2 creatures vanquished. Plants A plant (D:4)
1 creature vanquished.
107 creatures vanquished. Ascending Order The ghost of Garrluk the Sneak, an average KoAs (D:3) An ogre (D:5) A giant frog (D:4) A crimson imp (D:5) An orc priest (D:3) A hound (D:4) A centaur skeleton (D:4) A giant frog skeleton (D:4) An orc wizard (D:4) An adder (D:5) A worm (D:2) A shadow imp (D:5) An ooze (D:1) A bat zombie (D:5) A jackal skeleton (D:5) A giant gecko zombie (D:5) A plant (D:4) 2 worker ants 2 jackals (D:2) 3 giant geckos 3 ball pythons 4 quokkas 4 giant newts 4 rats 5 giant cockroaches 8 goblins 9 bats 9 kobolds 16 hobgoblins 21 orcs
107 creatures vanquished.

Action                   |  1- 3 |  4- 6 |  7- 9 || total
-------------------------+-------+-------+-------++-------
Melee: Mace              |   120 |   194 |    87 ||   401
       Giant club        |       |       |    21 ||    21
Throw: Stone             |     9 |    17 |     2 ||    28
       Large rock        |     5 |    14 |     7 ||    26
  Use: Scroll            |     3 |     1 |     1 ||     5
       Potion            |       |     1 |     3 ||     4
 Stab: Sleeping          |     2 |     3 |       ||     5
  Eat: Chunk             |     2 |     6 |     3 ||    11
